 Dungeon Crawl Stone Soup version 0.31-a0-841-g038b102fc3 (webtiles) character file.

Game seed: 4102722301718909451

2408 Shayle the Grave Robber (level 9, -3/72 HPs)
             Began as a Demonspawn Reaver on Sept 27, 2023.
             Was an Initiate of Ashenzari.
             Slain by a hornet (6 damage)
             ... while paralysed by a hornet
             ... on level 8 of the Dungeon.
             The game lasted 00:19:28 (8015 turns).

Shayle the Grave Robber (Demonspawn Reaver)         Turns: 8015, Time: 00:19:29

Health: -3/72      AC: 18    Str: 13    XL:     9   Next: 23%
Magic:  19/19      EV:  2    Int: 18    God:    Ashenzari [......]
Gold:   221        SH:  0    Dex: 12    Spells: 20/21 levels left

rFire   . . .        k - +2 whip (drain)
rCold   . . .        (no shield)
rNeg    . . .        i - +0 ring mail
rPois   .            q - +0 helmet
rElec   .            c - +1 cloak {rCorr}
rCorr   +            (no gloves)
SInv    +            H - +0 pair of boots
Will    .....        z - amulet "Tethered Lethargy" {Reflect SH+5, Alch, Elem} (curse)
Stlth   +            E - ring of see invisible
HPRegen 0.32/turn    (no ring)
MPRegen 0.16/turn

%: reflection
@: paralysed, lethally poisoned (-3 -> -12), sanguine armoured, slowed
A: powered by death 1, sanguine armour 2, demonic magic 2
a: Renounce Religion, Curse Item, Shatter the Chains


You were on level 8 of the Dungeon.
You worshipped Ashenzari.
Ashenzari was noncommittal.
You visited 2 branches of the dungeon, and saw 9 of its levels.
You also visited: Sewer.

You collected 377 gold pieces.
You spent 156 gold pieces at shops.

Inventory:

Hand Weapons
 a - a +0 spear
 g - a +3 whip
 h - a +0 flail of protection
 k - a +2 whip of draining (weapon)
 m - a +0 scimitar
Armour
 c - a +1 cloak of preservation (worn)
 i - a +0 ring mail (worn)
 q - a +0 helmet (worn)
 H - a +0 pair of boots (worn)
Jewellery
 z - the cursed amulet "Tethered Lethargy" (around neck) {Reflect SH+5, Alch, Elem}
   (You found it on level 5 of the Dungeon)

   [amulet of reflection]

   Reflect:   It reflects blocked missile attacks.
   SH+5:      It affects your SH (+5).
   It has a curse which improves the following skills: Alchemy: Poison Magic and
   Transmutations.
   Elements:  Fire Magic, Ice Magic, Air Magic and Earth Magic.
 A - a ring of fire
 D - an amulet of regeneration
 E - a ring of see invisible (left hand)
Wands
 r - a wand of polymorph (13)
 v - a wand of iceblast (1)
Scrolls
 d - 2 scrolls of vulnerability
 n - a scroll of fog
 o - a scroll of blinking
 t - 4 scrolls of teleportation
 u - a scroll of revelation
 y - a scroll of silence
 F - 2 scrolls of identify
Potions
 b - a potion of enlightenment {unknown}
 e - a potion of invisibility {unknown}
 j - 3 potions of haste
 l - 2 potions of cancellation
 p - 2 potions of curing {unknown}
 s - a potion of might {unknown}
 w - a potion of mutation {unknown}
 x - 2 potions of berserk rage {unknown}
 C - a potion of ambrosia {unknown}
 G - a potion of resistance {unknown}


   Skills:
 + Level 7.5 Fighting
 - Level 2.6 Polearms
 - Level 1.7 Dodging
 + Level 6.8 Spellcasting
 - Level 3.0 Conjurations
 + Level 7.7 Necromancy


You had 20 spell levels left.
You knew the following spells:

 Your Spells              Type           Power      Damage    Failure   Level
a - Kiss of Death         Conj/Necr      100%       2d13      2%          1

Your spell library contained the following spells:

 Spells                   Type           Power      Damage    Failure   Level
 Foxfire                  Conj/Fire      44%        2x1d6     13%         1
 Momentum Strike          Conj/Tloc      22%        3d8       21%         2
 Hailstorm                Conj/Ice       11%        3d5       36%         3
 Inner Flame              Hex/Fire       6%         N/A       58%         3
 Flame Wave               Conj/Fire      11%        2d6       78%         4
 Sticky Flame             Conj/Fire      11%        2d3       78%         4
 Plasma Beam              Fire/Air       3%         2x1d13    100%        6
 Starburst                Conj/Fire      5%         6d4       100%        6


Dungeon Overview and Level Annotations

Branches:
Dungeon (8/15)             Temple (1/1) D:5           Sewer (visited)
   Lair: D:8-11

Altars:
Ashenzari
Dithmenos
Fedhas
Gozag
Nemelex Xobeh
Okawaru
Trog
Wu Jian
Xom
Yredelemnul
Lugonu

Shops:
D:5 *   D:7 =

Annotations:
D:4 Natasha
D:5 3 runed translucent doors, 0gre's ghost, novice HOMo
D:6 1 runed translucent door, PowderKeg's ghost, novice OpSh


Innate Abilities, Weirdness & Mutations

You regenerate a little health from kills.
When seriously injured, your blood forms thick armour. (AC +9)
Spells you cast may paralyse nearby enemies.


Message History

You feel very sick. The hornet stings you!
You are more poisoned.
You suddenly lose the ability to move!
The hornet stings you.
You feel as though you will be slow longer.
Your blood congeals into armour.
You feel very sick.
The hornet stings you but does no damage. x2
You feel very sick.
The hornet stings you but does no damage.
You can move again.
You barely miss the hornet.
You feel very sick. The hornet barely misses you.
The hornet closely misses you. The hornet stings you!
You feel as though you will be slow longer.
Unknown command.
You closely miss the hornet.
You feel yourself speed up.
You feel sick.
The hornet stings you but does no damage. x2
You closely miss the hornet.
You feel sick.
The hornet stings you but does no damage.
You block the hornet's attack.
You closely miss the hornet.
You feel sick. You block the hornet's attack.
Unknown command.
You barely miss the hornet.
You feel sick. The hornet closely misses you. The hornet completely misses you.
You completely miss the hornet.
You feel sick.
You are no longer poisoned.
The hornet stings you!
* * * LOW HITPOINT WARNING * * *
You are poisoned.
You suddenly lose the ability to move!
The hornet stings you!
* * * LOW HITPOINT WARNING * * *
You feel yourself slow down.
* * * LOW HITPOINT WARNING * * *
You feel very sick. The hornet stings you.
You die...

.
########..#
#..........
#..@y....:.
#..........
#....>.....
#..........
#..........
###########


You could see a hornet.

Vanquished Creatures
  A hornet (D:7)
  A shadow (D:7)
  A black bear (D:7)
  An ice beast (D:7)
  4 ogres
  A centaur (D:7)
  A phantom (D:6)
  A kobold brigand (D:7)
  4 bullfrogs
  3 scorpions
  A wight (D:7)
  A howler monkey (D:6)
  A jelly (D:6)
  An orc priest (D:7)
  4 hounds
  2 sleepcaps (D:7)
  A gnoll bouda (D:4)
  A scorpion zombie (D:5)
  An iguana (D:5)
  2 orc wizards (D:7)
  A hound zombie (D:5)
  12 adders
  11 gnolls
  A river rat (D:3)
  A white imp (D:6)
  An ufetubus (D:4)
  6 worms
  6 dart slugs
  10 orcs
  18 ball pythons
  7 bats
  18 endoplasms
  9 giant cockroaches
  9 goblins
  6 hobgoblins
  4 jackals
  13 quokkas
  10 frilled lizards
  11 kobolds
  3 rats
  A butterfly (D:3)
191 creatures vanquished.

Notes
Turn   | Place    | Note
-------+----------+-------------------------------------------
     0 | D:1      | Shayle the Demonspawn Reaver began the quest for the Orb.
     0 | D:1      | Reached XP level 1. HP: 16/16 MP: 3/3
    84 | D:1      | Reached skill level 1 in Necromancy
    84 | D:1      | Gained mutation: Spells you cast may paralyse adjacent
                  | enemies. [demonic ancestry]
    84 | D:1      | Reached XP level 2. HP: 15/22 MP: 5/5
   439 | D:1      | Found a faded altar of an unknown god.
   575 | D:1      | Reached XP level 3. HP: 28/28 MP: 6/6
  1282 | D:2      | Gained mutation: When seriously injured, your blood forms
                  | armour. (AC +9) [demonic ancestry]
  1282 | D:2      | Reached XP level 4. HP: 21/27 MP: 8/8
  1739 | D:3      | Found a bloodstained altar of Trog.
  1749 | D:3      | Found a shimmering altar of Xom.
  1857 | D:3      | Noticed an ogre
  1878 | D:3      | Killed an ogre
  1879 | D:3      | Gained mutation: You regenerate a little health from kills.
                  | [demonic ancestry]
  1879 | D:3      | Reached XP level 5. HP: 23/37 MP: 8/10
  1988 | D:3      | Found a glowing drain.
  2075 | Sewer    | Entered a sewer
  2233 | Sewer    | Reached XP level 6. HP: 47/47 MP: 11/11
  2873 | D:4      | Noticed Natasha
  3244 | D:4      | Gained mutation: Spells you cast may paralyse nearby
                  | enemies. [demonic ancestry]
  3244 | D:4      | Reached XP level 7. HP: 40/55 MP: 13/13
  3468 | D:4      | Reached skill level 5 in Fighting
  3624 | D:4      | Reached skill level 5 in Necromancy
  3672 | D:4      | Found an iron altar of Okawaru.
  3889 | D:5      | Entered Level 5 of the Dungeon
  3908 | D:5      | Found Yseite's Gadget Gallery.
  3922 | D:5      | Bought a wand of iceblast (5) for 156 gold pieces
  4241 | D:5      | Found a staircase to the Ecumenical Temple.
  4253 | Temple   | Entered the Ecumenical Temple
  4268 | Temple   | Became a worshipper of Ashenzari the Shackled
  4487 | D:5      | Found a runed translucent gate.
  4487 | D:5      | Found a runed translucent gate.
  4487 | D:5      | Found a runed translucent gate.
  4487 | D:5      | Noticed 0gre's ghost (novice HOMo)
  4489 | D:5      | Found a basalt altar of Yredelemnul.
  4637 | D:5      | Reached skill level 5 in Spellcasting
  5169 | D:6      | Noticed PowderKeg's ghost (novice OpSh)
  5285 | D:6      | Reached XP level 8. HP: 64/64 MP: 15/15
  5320 | D:6      | Found a blossoming altar of Fedhas.
  5372 | D:6      | Found a runed translucent door.
  5395 | D:6      | Found the +5 robe of Misfortune {Harm *Corrode *Slow EV+5}
  7586 | D:7      | Gained mutation: When seriously injured, your blood forms
                  | thick armour. (AC +9) [demonic ancestry]
  7586 | D:7      | Reached XP level 9. HP: 65/72 MP: 18/18
  7766 | D:7      | Found Daypluto's Jewellery Boutique.
  7869 | D:7      | Paralysed by a hornet for 1 turns
  7979 | D:7      | Found an ornate altar of the Wu Jian Council.
  8006 | D:8      | Paralysed by a hornet for 3 turns
  8014 | D:8      | Paralysed by a hornet for 3 turns
  8015 | D:8      | HP: 3/72 [poisoned by a hornet]
  8015 | D:8      | Slain by a hornet

Illustrated notes

Levels and vault maps discovered:
D:1:      minmay_arrival_semitransparent, layout_loops_cross,
          shapermc_ecumenical_altar_notcrosses, minmay_crystal_room,
          st_stairs_11
D:2:      layout_rooms
D:3:      layout_basic, xom_butterflies, mainiacjoe_overflow_paths,
          portal_sewer_entry_b, serial_bayou_pond_a, hex_medium
D:4:      minmay_spotlight, layout_basic, mainiacjoe_overflow_brackets,
          uniq_natasha
D:5:      layout_basic, nicolae_yredelemnul_ghost_church,
          minmay_temple_entry_glassed_door, solitary_fountain,
          small_statue_intersection, hex_tiny, dk_noncrumbling_3,
          minmay_misc_feat_encased, nicolae_shop_gadgets
D:6:      layout_basic, fedhas_altar_2, hellmonk_ghost_happy_afterlife,
          minmay_between
D:7:      layout_loops_ring, grunt_temple_overflow_magic_moments,
          nzn_wu_jian_contemplation, serial_shops,
          nicolae_shop_temple_entry_statues_fountains, kennysheep_generic_room_3
D:8:      cheibrodos_grave_circle, layout_rooms, uniq_pikel
Temple:   corrupted_temple

Skill      XL: |  1  2  3  4  5  6  7  8 |
---------------+-------------------------+-----
Necromancy     | 1 2 3 4 5 7 |  7.7
Fighting       | 3 4 5 7 |  7.5
Spellcasting   | 3 4 5 6 |  6.8
Polearms       | |  2.6
Dodging        | |  1.7
Conjurations   | |  3.0

Action                     |  1- 3 |  4- 6 |  7- 9 || total
---------------------------+-------+-------+-------++-------
  Melee: Spear             |   126 |       |       ||   126
         Punch             |     2 |     7 |     4 ||    13
         Whip              |    59 |   309 |   426 ||   794
   Cast: Kiss of Death     |       |     2 |       ||     2
 Invoke: Curse Item        |       |       |     1 ||     1
  Evoke: Wand              |       |       |     4 ||     4
    Use: Potion            |     2 |     1 |     4 ||     7
         Scroll            |       |     6 |     4 ||    10
   Stab: Paralysed         |       |     2 |       ||     2
 Armour: Leather armour    |    50 |       |       ||    50
         Ring mail         |    51 |   240 |   341 ||   632
         Skin              |       |       |     5 ||     5
  Dodge: Dodged            |    94 |   238 |   204 ||   536
  Block: Other             |       |       |    78 ||    78

Table legend: (Time is in decaauts)
 A = Elapsed time spent in this place.
 B = Non-inter-level travel time spent in this place.
 C = Inter-level travel time spent in this place.
 D = Time resting spent in this place.
 E = Time spent auto-exploring this place.
 F = Levels seen in this place.
 G = Mean time per level.
                   A        B        C        D        E       F      G
               +--------+--------+--------+--------+--------+-----+--------+
         Total |   8152 |   7758 |    394 |    628 |   4721 |  10 |  815.2 |
       Dungeon |   7667 |   7302 |    365 |    625 |   4645 |   8 |  958.4 |
        Temple |     35 |      6 |     29 |      0 |      0 |   1 |   35.0 |
         Sewer |    449 |    449 |      0 |      3 |     76 |   1 |  449.0 |
               +--------+--------+--------+--------+--------+-----+--------+

Top non-repeatable levels by time:
     D:6: 1736 daAuts
     D:5: 1249 daAuts
     D:7: 1120 daAuts
     D:4: 1041 daAuts
     D:1: 892 daAuts
     D:3: 843 daAuts
     D:2: 757 daAuts
   Sewer: 449 daAuts
  Temple: 35 daAuts
     D:8: 24 daAuts
